 Dungeon Crawl Stone Soup version 0.31.0-11-ge490571c62 (webtiles) character file.

Game seed: 15665373606313171989

1505491 SnakkuSnakku7 the Spry (level 26, 130/177 (193) HPs)
             Began as a Gnoll Cinder Acolyte on Feb 2, 2024.
             Was an Initiate of Gozag.
             Escaped with the Orb
             ... and 3 runes!
             The game lasted 02:21:12 (80810 turns).

SnakkuSnakku7 the Spry (Gnoll Cinder Acolyte)      Turns: 80810, Time: 02:21:13

HP:   130/177 (193) AC: 47    Str: 20      XL:     26   Next: 26%
MP:   37/45         EV: 15    Int:  6      God:    Gozag
Gold: 8421          SH: 19    Dex:  3 (5)  Spells: 55/61 levels left

rFire   + + +        a - +7 sceptre of Torment {pain, torment}
rCold   + . .        T - +2 tower shield {rC+ rF+}
rNeg    . . .        K - +9 scales of the Dragon King {rPois rF+ rC+ Will+}
rPois   +            s - +2 hat
rElec   .            S - +2 cloak
rCorr   +            X - +2 pair of gloves "Jasis" {Fly rF+ rCorr}
SInv    .            b - +1 pair of boots of the Rose {Will+ Dex-3 Slay+6 Stlth+}
Will    +++++        n - amulet of guardian spirit
Stlth   +            f - ring of Licelom {Will+ rCorr AC+4 Int-5}
HPRegen 0.49/turn    p - ring of the Hare {EV+10}
MPRegen 0.29/turn

%: guardian spirit
@: enlightened, flying, studying Dodging, drained
A: fangs 1, strong nose, distributed training, hooves 1, thin skeletal structure
1, clumsy 2, deterioration 2, dopey 1, frail 1, weak 2, cold vulnerability 1,
inability to drink after injury 1, persistent drain
0: Orb of Zot
}: 3/15 runes: decaying, serpentine, slimy
a: Renounce Religion, Potion Petition, Call Merchant, Bribe Branch


You escaped.
You worshipped Gozag.
Gozag was greatly pleased with you.
You visited 12 branches of the dungeon, and saw 54 of its levels.
You visited the Abyss 2 times.
You also visited: Sewer and Ice Cave.

You collected 21607 gold pieces.
You spent 5199 gold pieces at shops.
You paid 7987 gold pieces to Gozag.

Inventory:

Hand Weapons
 a - the +7 sceptre of Torment (weapon) {pain, torment}
   (You found it on level 3 of the Depths)
 G - a +9 broad axe of draining
Missiles
 y - 2 throwing nets
Armour
 b - the +1 pair of boots of the Rose (worn) {Will+ Dex-3 Slay+6 Stlth+}
   (You found it on level 3 of the Elven Halls)

   Dex-3:     It affects your dexterity (-3).
   Slay+6:    It affects your accuracy & damage with ranged weapons and melee
   (+6).
   Will+:     It increases your willpower.
   Stlth+:    It makes you more stealthy.
 s - a +2 hat (worn)
 K - the +9 scales of the Dragon King (worn) {rPois rF+ rC+ Will+}
   (You found it on level 5 of the Pits of Slime)

   rF+:       It protects you from fire.
   rC+:       It protects you from cold.
   rPois:     It protects you from poison Will+: It increases your willpower.
 M - a +2 helmet
 S - a +2 cloak (worn)
 T - a +2 tower shield of resistance (worn)
 X - the +2 pair of gloves "Jasis" (worn) {Fly rF+ rCorr}
   (You found it on level 3 of the Vaults)

   rF+:       It protects you from fire.
   Fly:       It grants you flight.
   rCorr:     It protects you from acid and corrosion.
Jewellery
 d - the ring "Usyfob" {rC+ rCorr Str+4}
   (You found it on level 3 of the Elven Halls)

   [ring of protection from cold]

   Str+4:     It affects your strength (+4).
   rC+:       It protects you from cold.
   rCorr:     It protects you from acid and corrosion.
 f - the ring of Licelom (left hand) {Will+ rCorr AC+4 Int-5}
   (You bought it in a shop on level 4 of the Depths)

   [ring of protection]

   AC+4:      It affects your AC (+4).
   Int-5:     It affects your intelligence (-5).
   Will+:     It increases your willpower.
   rCorr:     It protects you from acid and corrosion.
 n - an amulet of guardian spirit (around neck)
 p - the ring of the Hare (right hand) {EV+10}
   (You acquired it on level 3 of the Vaults)

   [ring of evasion]

   EV+10:     It affects your evasion (+10).
 F - a ring of poison resistance
 Y - the ring of Gowk {rF++ Will+ Int+3 Stlth-}
   (You found it in an ice cave)

   [ring of willpower]

   Int+3:     It affects your intelligence (+3).
   rF++:      It greatly protects you from fire.
   Will+:     It increases your willpower.
   Stlth-:    It makes you less stealthy.
 Z - the ring of Hasiweng {rF++ Str+6 Slay-2 SInv Stlth+}
   (You found it in an ice cave)

   [ring of strength]

   Str+6:     It affects your strength (+6).
   Slay-2:    It affects your accuracy & damage with ranged weapons and melee
   (-2).
   rF++:      It greatly protects you from fire.
   SInv:      It lets you see invisible.
   Stlth+:    It makes you more stealthy.
Wands
 k - a wand of mindburst (7)
 r - a wand of light (4)
 C - a wand of charming (82)
 D - a wand of roots (14)
 E - a wand of polymorph (21)
 H - a wand of flame (46)
Scrolls
 c - 6 scrolls of vulnerability
 g - 6 scrolls of teleportation
 h - 4 scrolls of immolation
 i - 2 scrolls of revelation
 q - a scroll of blinking
 x - 2 scrolls of summoning
 I - 6 scrolls of poison
 N - a scroll of torment
 P - a scroll of enchant armour
 R - a scroll of silence
 U - 3 scrolls of fear
 V - 2 scrolls of fog
Potions
 e - 14 potions of curing
 j - 8 potions of brilliance
 l - 9 potions of attraction
 m - 10 potions of lignification
 u - 5 potions of magic
 v - 11 potions of might
 w - 9 potions of heal wounds
 z - a potion of haste
 A - 4 potions of enlightenment
 B - 4 potions of resistance
 J - 3 potions of invisibility
 L - 4 potions of cancellation
 Q - 3 potions of mutation
Miscellaneous
 o - a phantom mirror


   Skills:
 + Level 19.1 Fighting
 + Level 18.1 Short Blades
 + Level 18.1 Long Blades
 + Level 18.1 Axes
 + Level 19.1 Maces & Flails
 + Level 18.1 Polearms
 + Level 18.1 Staves
 + Level 18.1 Ranged Weapons
 + Level 18.1 Throwing
 + Level 18.1 Armour
 + Level 20.5 Dodging
 + Level 18.1 Stealth
 + Level 18.1 Shields
 + Level 18.1 Unarmed Combat
 + Level 18.3 Spellcasting
 + Level 15.4 Conjurations
 + Level 15.4 Hexes
 + Level 15.4 Summonings
 + Level 15.4 Necromancy
 + Level 15.4 Translocations
 + Level 16.2 Fire Magic
 + Level 15.4 Ice Magic
 + Level 15.4 Air Magic
 + Level 15.4 Earth Magic
 + Level 15.4 Alchemy
 + Level 19.6 Invocations
 + Level 18.1 Evocations
 + Level 16.7 Shapeshifting


You had 55 spell levels left.
You knew the following spells:

 Your Spells              Type           Power      Damage    Failure   Level
a - Swiftness             Air            24%        N/A       3%          3
b - Fugue of the Fallen   Necr           24%        N/A       3%          3

Your spell library contained the following spells:

 Spells                   Type           Power      Damage    Failure   Level
 Apportation              Tloc           48%        N/A       1%          1
 Foxfire                  Conj/Fire      96%        2x1d8     1%          1
 Kiss of Death            Conj/Necr      96%        2d12      1%          1
 Magic Dart               Conj           96%        1d7       1%          1
 Necrotise                Necr           96%        1d8       1%          1
 Shock                    Conj/Air       96%        1d9       1%          1
 Slow                     Hex            96%        N/A       1%          1
 Sting                    Conj/Alch      96%        1d9       1%          1
 Summon Small Mammal      Summ           96%        N/A       1%          1
 Blink                    Tloc           48%        N/A       1%          2
 Cigotuvi's Dreadful Rot  Necr/Alch/Air  48%        N/A       1%          2
 Ensorcelled Hibernation  Hex/Ice        48%        N/A       1%          2
 Jinxbite                 Hex            48%        N/A       1%          2
 Lesser Beckoning         Tloc           48%        N/A       1%          2
 Mercury Vapours          Alch/Air       48%        N/A       1%          2
 Momentum Strike          Conj/Tloc      48%        3d9       1%          2
 Scorch                   Fire           50%        2d7       1%          2
 Searing Ray              Conj           48%        2d6       1%          2
 Confusing Touch          Hex            24%        N/A       3%          3
 Dazzling Flash           Conj/Hex       48%        N/A       3%          3
 Frozen Ramparts          Ice            48%        1d8       3%          3
 Gell's Gravitas          Tloc           24%        N/A       3%          3
 Hailstorm                Conj/Ice       24%        3d7       3%          3
 Mephitic Cloud           Conj/Alch/Air  24%        N/A       3%          3
 Ozocubu's Armour         Ice            24%        N/A       3%          3
 Passwall                 Erth           24%        N/A       3%          3
 Sigil of Binding         Hex            24%        N/A       3%          3
 Summon Ice Beast         Ice/Summ       24%        N/A       3%          3
 Teleport Other           Tloc           24%        N/A       3%          3
 Tukima's Dance           Hex            24%        N/A       3%          3
 Vampiric Draining        Necr           24%        2d7       3%          3
 Flame Wave               Conj/Fire      24%        2d8       9%          4
 Ignite Poison            Fire/Alch      24%        N/A       9%          4
 Summon Blazeheart Golem  Fire/Summ      24%        N/A       9%          4
 Airstrike                Air            12%        2d(2-18)  10%         4
 Anguish                  Hex/Necr       12%        N/A       10%         4
 Brom's Barrelling Bould  Conj/Erth      24%        2d5       10%         4
 Dispel Undead            Necr           24%        3d12      10%         4
 Fulminant Prism          Conj/Alch      12%        3d8       10%         4
 Leda's Liquefaction      Alch/Erth      12%        N/A       10%         4
 Manifold Assault         Tloc           24%        N/A       10%         4
 Olgreb's Toxic Radiance  Alch           24%        N/A       10%         4
 Passage of Golubria      Tloc           24%        N/A       10%         4
 Petrify                  Alch/Erth      24%        N/A       10%         4
 Vhi's Electric Charge    Tloc/Air       48%        N/A       10%         4
 Fireball                 Conj/Fire      12%        3d7       24%         5
 Arcjolt                  Conj/Air       12%        1d22      28%         5
 Curse of Agony           Necr           24%        N/A       28%         5
 Freezing Cloud           Conj/Ice/Air   12%        6-21      28%         5
 Iskenderun's Battlesphe  Conj           24%        2d8       28%         5
 Metabolic Englaciation   Hex/Ice        12%        N/A       28%         5
 Silence                  Hex/Air        12%        N/A       28%         5
 Summon Mana Viper        Hex/Summ       24%        N/A       28%         5
 Yara's Violent Unravell  Hex/Alch       12%        3d7       28%         5
 Plasma Beam              Fire/Air       12%        2x1d23    78%         6
 Starburst                Conj/Fire      12%        6d5       78%         6
 Conjure Ball Lightning   Conj/Air       12%        3x3d6     83%         6
 Sculpt Simulacrum        Ice/Alch       12%        N/A       83%         6
 Summon Cactus Giant      Summ           12%        N/A       83%         6
 Enfeeble                 Hex            12%        N/A       100%        7
 Monstrous Menagerie      Summ           12%        N/A       100%        7
 Orb of Destruction       Conj           12%        9d7       100%        7
 Spellforged Servitor     Conj/Summ      12%        N/A       100%        7
 Lehudib's Crystal Spear  Conj/Erth      12%        10d4      100%        8
 Death's Door             Necr           12%        N/A       100%        9
 Animate Dead             Necr           Unusable   N/A       N/A         4

Dungeon Overview and Level Annotations

Branches:
Dungeon (15/15)            Temple (1/1) D:5            Lair (5/5) D:10
  Swamp (4/4) Lair:2        Snake (4/4) Lair:3        Slime (5/5) Lair:5
    Orc (2/2) D:10            Elf (3/3) Orc:2        Vaults (5/5) D:13
  Crypt (0/3) Vaults:3     Depths (4/4) D:15           Hell (visited)
    Dis (0/7) Hell            Geh (0/7) Hell            Coc (0/7) Hell
    Tar (0/7) Hell            Zot (5/5) Depths:4      Sewer (visited)
  IceCv (visited)

Altars:
Ashenzari
Cheibriados
Dithmenos
Elyvilon
Fedhas
Gozag
Hepliaklqana
Kikubaaqudgha
Makhleb
Nemelex Xobeh
Okawaru
Qazlal
Ru
Sif Muna
Trog
Uskayaw
Vehumet
Wu Jian
Xom
Yredelemnul
Zin
The Shining One

Shops:
D:2 !?*   D:5 :   D:8 [   D:12 (   D:13 [   Orc:2 ?:([[   Elf:1 =:[?   Elf:3 :
Vaults:3 (   Vaults:4 (   Depths:1 ([[   Depths:2 (   Depths:3 !   Depths:4 :==

Portals:
Hell: Depths:1 Depths:2 Depths:3 Depths:4
Abyss: Depths:1 Depths:2 Depths:3
Pandemonium: Depths:2
Ziggurat: Depths:3
Trove: Elf:2 (give +2 storm dragon scales)

Annotations:
D:15 2 transporters, PaiMei's ghost, journeyman DsNe
Swamp:4 hikkokomori's ghost, adept FoWn
Vaults:4 Vaults 5 mess!\
Vaults:5 Boris


Innate Abilities, Weirdness & Mutations

You have very sharp teeth.
Your uncanny sense of smell can sniff out nearby items.
Your experience applies equally to all skills.
You have large cloven feet.
You have a somewhat thin skeletal structure. (Dex +2, Stealth+)
You are very clumsy. (Dex -4)
Your body often deteriorates upon taking damage.
You are dopey. (Int -2)
You are frail. (-10% HP)
You are very weak. (Str -4)
You are vulnerable to cold. (rC-)
You occasionally lose the ability to drink potions when taking damage.
Your health recovers twice as slowly from being drained.


Message History

The Executioner hits you but does no damage.
You block the Executioner's attack. x3; The Executioner barely misses you.
The Executioner hits you!
The Executioner hits you but does no damage. x2
You sock the Executioner!
You bite the Executioner, but do no damage.
The Executioner is severely wounded.
The Executioner hits you! You block the Executioner's attack. x4
The Executioner hits you but does no damage.
You barely miss the Executioner.
The Executioner is severely wounded.
You block the Executioner's attack. x2; The Executioner barely misses you.
You block the Executioner's attack.
The Executioner hits you but does no damage.
You block the Executioner's attack.
Unknown command.
You bludgeon the Executioner!!
You kill the Executioner!
Unknown command.
An Orb Guardian comes into view.
The Orb Guardian attacks as it pursues you!
The Orb Guardian hits you!! You block the Orb Guardian's attack.
The Orb Guardian attacks as it pursues you!
You block the Orb Guardian's attack.
The Orb Guardian attacks as it pursues you!
You block the Orb Guardian's attack.
The Orb Guardian hits you but does no damage.
The Orb Guardian attacks as it pursues you!
You block the Orb Guardian's attack. The Orb Guardian closely misses you.
The Orb Guardian hits you but does no damage.
The Orb Guardian attacks as it pursues you!
You block the Orb Guardian's attack.
You feel more buoyant. You block the Orb Guardian's attack.
The Orb Guardian hits you!
The Orb Guardian attacks as it pursues you!
You block the Orb Guardian's attack.
There is a staircase leading out of the dungeon here.
You have escaped!

###.......##...#........#........
'.'.......+............##........
###.......######......###........
# #........# #...#......#........
###...#....###+###§##.#.#........
...........##≈§≈§§§≈#............
...........##≈≈.≈.§≈#............
............#≈≈..§§≈#............
..............≈.@§§...........)..
...##......##≈≈...§§###.##..[....
...##......##≈§§§§§≈#......#.....
.[.##......##≈§§§§.≈#......#.....
###....#######'###+##......#[....
..+..............#.##......#.....
###...........##...##......#.....
###..........########......#.....
##...........#.#.#...............


There were no monsters in sight!

Vanquished Creatures
  the Royal Jelly (Slime:5)
  5 orbs of fire (Zot:5)
  A juggernaut (Depths:2)
  3 royal mummies (Depths:3)
  A curse toe (Zot:4)
  Geryon (Hell)
  3 golden dragons
  Nikola (Swamp:1)
  2 electric golems (Zot:5)
  A doom hound (Zot:2)
  Jorgrun (Swamp:1)
  2 hellephants
  Rupert (Lair:3)
  Mlioglotl (Swamp:3)
  14 Orb Guardians
  A walking crystal tome (Depths:2)
  Asterion (Vaults:1)
  A lich (Depths:1)
  11 tentacled monstrosities
  Grunn (Zot:2)
  4 deep elf blademasters
  3 sphinxes
  A walking frostbound tome (Depths:2)
  A quicksilver dragon (Zot:4)
  21 acid blobs
  Frances (D:13)
  3 deep elf master archers
  2 tentacled starspawn (Abyss:2)
  3 Executioners
  4 death cobs
  2 shadow dragons
  2 ancient champions
  3 storm dragons
  A thorn hunter (Swamp:4)
  A revenant (Hell)
  2 tengu reavers
  5 nagarajas (Snake:4)
  Aizul (Snake:1)
  A draconian knight (Depths:4)
  12 rockslimes
  3 fenstrider witches (Swamp:2)
  A draconian shifter (Zot:1)
  A protean progenitor (Zot:2)
  12 deep elf sorcerers
  3 iron dragons (Depths:4)
  4 frost giants (Depths:2)
  2 fire giants (Depths:2)
  A draconian scorcher (Depths:4)
  Louise (Snake:1)
  4 balrugs
  A draconian monk (Zot:2)
  8 azure jellies
  13 vault wardens
  An angel (Zot:1)
  A draconian stormcaller (Zot:1)
  2 cacodemons
  A draconian annihilator (Depths:4)
  2 deep elf elementalists (Elf:3)
  18 ironbound preservers
  16 very ugly things
  2 orc warlords
  4 reapers (Hell)
  17 quicksilver oozes
  8 ironbound thunderhulks
  2 spriggan defenders (Depths:2)
  11 stone giants
  A formless jellyfish (Slime:5)
  6 eleionomae
  2 vampire knights
  2 purple draconians
  4 green draconians
  2 black draconians (Depths:4)
  4 deep elf demonologists (Elf:3)
  6 deep elf death magi (Elf:3)
  8 war gargoyles
  3 white draconians
  13 deep elf annihilators
  8 bunyips
  Snorg (Lair:3)
  A red draconian (Zot:3)
  5 spark wasps
  18 dire elephants
  2 merfolk javelineers (Depths:3)
  A blizzard demon (Depths:4)
  2 mummy priests (Depths:3)
  10 yaktaur captains
  3 ettins
  A green death (Abyss:2)
  8 deep elf high priests
  9 fire dragons
  A shambling mangrove (Swamp:4)
  A kraken zombie (Hell)
  3 entropy weavers
  11 great orbs of eyes
  14 ice dragons
  6 salamander tyrants
  A ghost crab (Swamp:2)
  8 alligators
  5 ironbound frosthearts
  12 hydras
  5 rakshasas
  6 spriggan air magi
  13 anacondas
  3 peacekeepers
  Erolcha (D:13)
  32 vault guards
  A catoblepas (D:13)
  32 dancing weapons
  11 centaur warriors
  12 tengu warriors
  5 death yaks
  13 naga warriors
  7 boulder beetles
  2 demonic crawlers (Depths:4)
  5 two-headed ogres
  2 occultists
  4 deep troll earth magi
  8 naga sharpshooters
  4 thrashing horrors
  A deep troll shaman (Depths:2)
  8 hell hogs
  16 hell knights
  A spectral dire elephant (Lair:5)
  4 shock serpents
  A titan zombie (Depths:2)
  5 spriggan berserkers
  2 orc high priests
  10 deep elf knights
  3 iron trolls
  12 sun demons
  4 soul eaters
  6 salamander mystics
  6 goliath frogs
  A skyshark (Lair:4)
  A storm dragon skeleton (Depths:2)
  A spectral death yak (Lair:5)
  6 sixfirhies
  A spectral anaconda (Lair:5)
  3 flayed ghosts
  3 glowing orange brains
  4 spriggan druids
  45 deep trolls
  11 naga ritualists
  A sun moth (shapeshifter) (Depths:2)
  7 bog bodies
  A sea snake (shapeshifter) (Depths:1)
  14 mana vipers
  An orange crystal statue (IceCv)
  An alligator zombie (Hell)
  7 arcanists
  13 deep elf archers
  14 swamp dragons
  An obsidian statue (Lair:5)
  26 deep elf pyromancers
  8 necromancers
  A phantasmal warrior (Depths:4)
  15 lindwurms
  2 orc knights
  18 deep elf zephyrmancers
  14 ironbound convokers
  9 harpies
  4 orc sorcerers
  2 will-o-the-wisps
  An alligator skeleton (Hell)
  3 large abominations (Depths:1)
  An oklob plant (Lair:4)
  A shadow dragon skeleton (Depths:2)
  46 ugly things
  2 manticores
  A cyclops (shapeshifter) (Vaults:4)
  17 salamanders
  14 elephants
  12 shining eyes
  6 guardian serpents
  5 moths of wrath
  An iron dragon skeleton (Depths:2)
  15 naga magi
  17 vault sentinels
  4 eyes of devastation
  2 kobold blastminers (Orc:2)
  5 torpor snails
  10 rust devils
  A water nymph (shapeshifter) (Vaults:4)
  37 black mambas
  A frost giant skeleton (Depths:2)
  8 storm dragon simulacra (IceCv)
  3 smoke demons
  15 cane toads
  3 gargoyles
  A hellion (D:11)
  2 orange demons
  4 unseen horrors
  A sea snake zombie (Hell)
  11 komodo dragons
  An efreet (D:13)
  30 yaktaurs
  A rime drake (Lair:5)
  A human skeleton (Vaults:2)
  A freezing wraith (Vaults:4)
  5 golden dragon simulacra (IceCv)
  An ancient zyme (Abyss:2)
  4 tengu conjurers
  5 kobold demonologists
  4 hydra zombies
  A merfolk (Snake:1)
  5 trolls
  A polar bear (shapeshifter) (Vaults:3)
  A queen bee (shapeshifter) (D:14)
  Grinder (D:5)
  5 tyrant leeches
  5 glass eyes
  3 dream sheep
  8 hornets
  2 polar bears
  5 raiju
  37 blink frogs
  A hydra skeleton (Hell)
  A shadow (D:10)
  A centaur simulacrum (D:15)
  Sigmund (D:5)
  118 slime creatures
  9 water elementals
  3 air elementals
  2 wraiths
  61 yaks
  2 culicivoras
  A dire elephant simulacrum (Lair:5)
  2 ynoxinuls
  12 spriggans
  3 vampires (D:12)
  10 wyverns
  9 fire elementals
  2 humans (D:13)
  8 basilisks
  3 golden eyes
  A neqoxec (Abyss:2)
  A warg (Elf:2)
  5 redbacks (Vaults:1)
  3 steam dragons
  An elf skeleton (Vaults:2)
  A death yak simulacrum (Lair:5)
  A yaktaur simulacrum (Vaults:2)
  5 vampire mosquitoes
  3 chaos spawn
  A swamp worm (shapeshifter) (Depths:2)
  10 swamp worms
  49 nagas
  21 water moccasins
  8 hell hounds
  3 black bears
  30 orc warriors
  8 swamp drakes
  4 ice dragon simulacra (IceCv)
  2 laughing skulls (Abyss:2)
  7 ogres
  A sky beast (Vaults:1)
  11 small abominations
  5 boggarts
  12 wolves
  2 elephant skeletons (Lair:5)
  An elephant zombie (Lair:5)
  4 centaurs
  8 kobold brigands
  15 bullfrogs
  2 gnoll sergeants
  3 cane toad simulacra (Lair:5)
  3 scorpions
  4 lindwurm simulacra (IceCv)
  6 killer bees
  2 elephant simulacra (Lair:5)
  A human simulacrum (Vaults:2)
  2 electric eels (Lair:5)
  3 howler monkeys
  3 bombardier beetles
  14 orc priests
  3 hounds
  12 jellies
  Jessica (D:2)
  2 iguanas
  24 orc wizards
  2 hell rats
  12 gnolls
  2 river rats (Sewer)
  11 adders
  A shadow imp (D:6)
  A white imp (D:8)
  4 ufetubi (D:6)
  3 dart slugs
  A ribbon worm (Sewer)
  106 orcs
  14 ball pythons
  33 endoplasms
  12 giant cockroaches
  5 hobgoblins
  8 jackals
  16 kobolds
  7 quokkas
  9 bats
  8 frilled lizards
  8 goblins
  11 rats
  An aspiring flesh (Zot:2)
  A spectral weapon (Vaults:1)
  A starspawn tentacle (Abyss:2)
  3 tentacles (Hell)
2141 creatures vanquished.

Vanquished Creatures (collateral kills)
  An orb of fire (Zot:5)
  Donald (Snake:2)
2 creatures vanquished.

Vanquished Creatures (others)
  A dread lich (Zot:5)
  An orb of fire (Zot:5)
  An ancient lich (Zot:5)
  2 Killer Klowns (Zot:5)
  A doom hound (Zot:2)
  9 Orb Guardians (Zot:5)
  2 storm dragons (Zot:5)
  A shadow dragon (Zot:5)
  A yaktaur captain (D:15)
  A deep elf knight (Elf:2)
  An anaconda skeleton (Hell)
  A moth of wrath (Zot:5)
  A guardian serpent (Abyss:2)
  A naga mage (Snake:4)
  4 bloated husks
  A raiju (Abyss:2)
  A centaur simulacrum (D:15)
  A golden eye (Slime:5)
  A swamp worm (Swamp:1)
  A naga (Snake:4)
  A human (D:7)
  A small abomination (Abyss:2)
  An orc wizard (D:6)
  10 hell rats (Hell)
  2 creeping infernos (Hell)
  48 foxfires
  3 starspawn tentacles (Abyss:2)
  4 tentacles (Hell)
103 creatures vanquished.

Grand Total: 2246 creatures vanquished

Notes
Turn   | Place    | Note
-------+----------+-------------------------------------------
     0 | D:1      | SnakkuSnakku7 the Gnoll Cinder Acolyte began the quest for
                  | the Orb.
     0 | D:1      | Reached XP level 1. HP: 23/23 MP: 4/4
    76 | D:1      | Reached XP level 2. HP: 18/29 MP: 5/5
   486 | D:1      | Reached XP level 3. HP: 32/35 MP: 7/7
   743 | D:2      | Found Tyj Err's Distillery.
   788 | D:2      | Reached skill level 1 in Invocations
   890 | D:2      | Reached skill level 1 in Short Blades
   890 | D:2      | Reached skill level 1 in Long Blades
   890 | D:2      | Reached skill level 1 in Axes
   890 | D:2      | Reached skill level 1 in Polearms
   890 | D:2      | Reached skill level 1 in Staves
   890 | D:2      | Reached skill level 1 in Ranged Weapons
   890 | D:2      | Reached skill level 1 in Throwing
   890 | D:2      | Reached skill level 1 in Armour
   890 | D:2      | Reached skill level 1 in Dodging
   890 | D:2      | Reached skill level 1 in Stealth
   890 | D:2      | Reached skill level 1 in Shields
   890 | D:2      | Reached skill level 1 in Unarmed Combat
   890 | D:2      | Reached skill level 1 in Evocations
   903 | D:2      | Found Jatsenig's Assorted Antiques.
   930 | D:2      | Bought a viscous blue potion for 23 gold pieces
   951 | D:2      | Reached skill level 1 in Shapeshifting
   951 | D:2      | Reached XP level 4. HP: 33/41 MP: 8/8
  1080 | D:2      | Noticed Jessica
  1092 | D:2      | Killed Jessica
  1093 | D:2      | Reached skill level 1 in Conjurations
  1093 | D:2      | Reached skill level 1 in Hexes
  1093 | D:2      | Reached skill level 1 in Summonings
  1093 | D:2      | Reached skill level 1 in Necromancy
  1093 | D:2      | Reached skill level 1 in Translocations
  1093 | D:2      | Reached skill level 1 in Ice Magic
  1093 | D:2      | Reached skill level 1 in Air Magic
  1093 | D:2      | Reached skill level 1 in Earth Magic
  1093 | D:2      | Reached skill level 1 in Alchemy
  1614 | D:2      | Found Wukekec's Magic Scroll Shop.
  1621 | D:2      | Reached XP level 5. HP: 47/47 MP: 9/9
  1642 | D:2      | Bought a scroll of identify for 20 gold pieces
  1642 | D:2      | Bought a scroll of noise for 10 gold pieces
  2336 | D:3      | Reached XP level 6. HP: 50/53 MP: 9/11
  2356 | D:3      | Found a snail-covered altar of Cheibriados.
  2368 | D:3      | Reached skill level 2 in Dodging
  2398 | D:3      | You fall into a shaft and drop 2 floors!
  2398 | D:5      | Entered Level 5 of the Dungeon
  2398 | D:5      | Found a bloodstained altar of Trog.
  2679 | D:4      | Found a glowing drain.
  2692 | Sewer    | Entered a sewer
  2749 | Sewer    | Reached XP level 7. HP: 58/60 MP: 12/12
  2900 | Sewer    | Found a viscous altar of Jiyva.
  3032 | D:4      | Found a hide-covered altar of Uskayaw.
  3110 | D:4      | Found a sparkling altar of Nemelex Xobeh.
  3698 | D:2      | Bought a viscous blue potion for 23 gold pieces
  3698 | D:2      | Bought a scroll labelled UHOGUN EDUGA for 26 gold pieces
  4071 | D:2      | Bought a scroll labelled JAL NOISUSM for 26 gold pieces
  4513 | D:2      | Bought a scroll of teleportation for 30 gold pieces
  4727 | D:5      | Found Odifecil's Book Boutique.
  4742 | D:5      | Reached skill level 3 in Dodging
  4748 | D:5      | Reached XP level 8. HP: 64/67 MP: 12/14
  4749 | D:5      | Noticed Sigmund
  4787 | D:5      | Killed Sigmund
  4864 | D:5      | Found a staircase to the Ecumenical Temple.
  5054 | D:5      | Noticed Grinder
  5070 | D:5      | Killed Grinder
  5246 | D:2      | Bought a scroll of teleportation for 30 gold pieces
  5596 | D:6      | Reached XP level 9. HP: 52/73 MP: 14/16
  5642 | D:6      | Reached skill level 4 in Dodging
  5744 | D:6      | Reached skill level 5 in Spellcasting
  6251 | D:7      | Found an ancient bone altar of Kikubaaqudgha.
  6262 | D:7      | Found a shadowy altar of Dithmenos.
  6841 | D:8      | Found Teshub's Dragon-Slaying Spoils.
  7048 | D:8      | Reached skill level 5 in Invocations
  7449 | D:8      | Reached skill level 5 in Short Blades
  7449 | D:8      | Reached skill level 5 in Long Blades
  7449 | D:8      | Reached skill level 5 in Axes
  7449 | D:8      | Reached skill level 5 in Polearms
  7449 | D:8      | Reached skill level 5 in Staves
  7449 | D:8      | Reached skill level 5 in Ranged Weapons
  7449 | D:8      | Reached skill level 5 in Throwing
  7449 | D:8      | Reached skill level 5 in Armour
  7449 | D:8      | Reached skill level 5 in Dodging
  7449 | D:8      | Reached skill level 5 in Stealth
  7449 | D:8      | Reached skill level 5 in Shields
  7449 | D:8      | Reached skill level 5 in Unarmed Combat
  7449 | D:8      | Reached skill level 5 in Evocations
  7449 | D:8      | Reached XP level 10. HP: 31/81 MP: 9/18
  7619 | D:8      | Noticed a two-headed ogre
  7656 | D:8      | Killed a two-headed ogre
  8499 | D:9      | Found a sacrificial altar of Ru.
  8509 | D:9      | Identified the +0 mace "Lacertilianbane" {heavy, Str+4}
  8555 | D:9      | Reached skill level 5 in Shapeshifting
  9009 | D:9      | Found the +7 Throatcutter {drain, coup de grace}
  9009 | D:9      | Noticed a kobold demonologist
  9009 | D:9      | Noticed a kobold demonologist
  9020 | D:9      | Killed a kobold demonologist
  9022 | D:9      | Noticed a rust devil
  9023 | D:9      | Killed a kobold demonologist
  9024 | D:9      | Reached skill level 6 in Dodging
  9024 | D:9      | Reached skill level 5 in Conjurations
  9024 | D:9      | Reached skill level 5 in Hexes
  9024 | D:9      | Reached skill level 5 in Summonings
  9024 | D:9      | Reached skill level 5 in Necromancy
  9024 | D:9      | Reached skill level 5 in Translocations
  9024 | D:9      | Reached skill level 5 in Ice Magic
  9024 | D:9      | Reached skill level 5 in Air Magic
  9024 | D:9      | Reached skill level 5 in Earth Magic
  9024 | D:9      | Reached skill level 5 in Alchemy
  9030 | D:9      | Reached XP level 11. HP: 89/89 MP: 21/21
  9290 | D:10     | Entered Level 10 of the Dungeon
  9348 | D:10     | Noticed a two-headed ogre
  9370 | D:10     | Killed a two-headed ogre
  9425 | D:10     | Found a staircase to the Orcish Mines.
  9531 | D:10     | Found a shimmering blue altar of Sif Muna.
  9667 | D:10     | Noticed a two-headed ogre
  9866 | D:10     | Found a staircase to the Lair.
  9928 | D:10     | Killed a two-headed ogre
 10583 | Lair:1   | Entered Level 1 of the Lair of Beasts
 10588 | Lair:1   | Identified the +0 leather armour "Liffoga" {rC+}
 10980 | D:2      | Bought a scroll of blinking for 75 gold pieces
 11379 | Lair:1   | Reached skill level 7 in Dodging
 11649 | Lair:2   | Reached XP level 12. HP: 77/97 MP: 20/23
 12039 | Lair:2   | Reached skill level 10 in Fighting
 12039 | Lair:2   | Reached skill level 10 in Maces & Flails
 12145 | Lair:2   | Found a staircase to the Swamp.
 12326 | Lair:3   | Noticed Snorg
 12880 | Lair:3   | Noticed a death yak
 12881 | Lair:3   | Noticed a death yak
 12881 | Lair:3   | Noticed a death yak
 12896 | Lair:3   | Noticed a death yak
 12896 | Lair:3   | Noticed a death yak
 12913 | Lair:2   | Killed a death yak
 13235 | Lair:3   | Killed a death yak
 13318 | Lair:2   | Killed a death yak
 13319 | Lair:2   | Reached skill level 8 in Dodging
 13467 | Lair:2   | Killed a death yak
 13468 | Lair:2   | Reached XP level 13. HP: 91/104 MP: 21/25
 13717 | Lair:3   | Found a staircase to the Snake Pit.
 13928 | Lair:3   | Noticed Rupert
 16040 | Lair:4   | Reached skill level 9 in Dodging
 16404 | Lair:4   | Reached skill level 10 in Invocations
 16404 | Lair:4   | Reached XP level 14. HP: 108/113 MP: 27/27
 16781 | Lair:5   | Entered Level 5 of the Lair of Beasts
 17551 | Lair:5   | Noticed a dire elephant
 17763 | Lair:5   | Found a staircase to the Slime Pits.
 17995 | Lair:5   | Reached skill level 10 in Spellcasting
 18682 | Lair:5   | Killed a dire elephant
 19278 | Temple   | Entered the Ecumenical Temple
 19287 | Temple   | Fell from the grace of Ignis
 19287 | Temple   | Became a worshipper of Gozag Ym Sagoz the Greedy
 19369 | D:2      | Bought a potion of heal wounds for 70 gold pieces
 19369 | D:2      | Bought a potion of heal wounds for 70 gold pieces
 19425 | D:2      | Bought a scroll of enchant armour for 75 gold pieces
 19460 | D:2      | Bought a runed marble ring for 130 gold pieces
 19800 | D:11     | You fall into a shaft and drop 1 floor!
 19938 | D:12     | You fall into a shaft and drop 1 floor!
 19959 | D:13     | Noticed Erolcha
 19967 | D:13     | Reached skill level 10 in Fire Magic
 20295 | D:11     | You fall into a shaft and drop 2 floors!
 20398 | D:11     | Reached skill level 10 in Short Blades
 20398 | D:11     | Reached skill level 10 in Long Blades
 20398 | D:11     | Reached skill level 10 in Axes
 20398 | D:11     | Reached skill level 10 in Polearms
 20398 | D:11     | Reached skill level 10 in Staves
 20398 | D:11     | Reached skill level 10 in Ranged Weapons
 20398 | D:11     | Reached skill level 10 in Throwing
 20398 | D:11     | Reached skill level 10 in Armour
 20398 | D:11     | Reached skill level 10 in Dodging
 20398 | D:11     | Reached skill level 10 in Stealth
 20398 | D:11     | Reached skill level 10 in Shields
 20398 | D:11     | Reached skill level 10 in Unarmed Combat
 20398 | D:11     | Reached skill level 10 in Evocations
 20665 | D:12     | Found Cipaid's Antique Weapon Shop.
 20667 | D:12     | Noticed Frances
 20712 | D:12     | Identified the +0 leather armour "Jaust" {Will+ Dex+5}
 21191 | D:13     | Killed Frances
 21192 | D:13     | Reached XP level 15. HP: 44/120 MP: 10/29
 21538 | D:13     | Killed Erolcha
 21557 | D:13     | Found Byosauf's Armour Emporium.
 21626 | D:13     | Identified the +5 whip "Vunuk" {freeze, rF+ rC+ rN+}
 22070 | Orc:1    | Entered Level 1 of the Orcish Mines
 22271 | Orc:1    | You fall into a shaft and drop 1 floor!
 22271 | Orc:2    | Entered Level 2 of the Orcish Mines
 22394 | Orc:2    | Was forgiven by Ignis
 22817 | Orc:2    | Found a staircase to the Elven Halls.
 22922 | Orc:2    | Found Itzen's Book Boutique.
 23058 | Orc:2    | Found Utrorau's Armour Shoppe.
 23143 | Orc:2    | Noticed an orc warlord
 23369 | Orc:1    | Killed an orc warlord
 23634 | Orc:2    | Found Urek's Antique Weapon Shop.
 23643 | Orc:2    | Found Wysemuabb's Antique Armour Boutique.
 23930 | Orc:2    | Found Haqyroc's Magic Scroll Boutique.
 24080 | D:8      | Bought +0 gold dragon scales for 1120 gold pieces
 24228 | D:2      | Bought a scroll of revelation for 75 gold pieces
 24451 | Orc:2    | Bought a scroll of enchant armour for 112 gold pieces
 24687 | D:13     | Found a gate to the Vaults.
 26590 | D:15     | Entered Level 15 of the Dungeon
 26634 | D:15     | Identified the +2 mace of Armageddon {vamp, +Blink Dex+3}
 27417 | D:15     | Found a staircase to the Depths.
 27440 | D:15     | Found a transporter.
 27443 | D:15     | Noticed PaiMei's ghost (journeyman DsNe)
 27447 | D:15     | Noticed a tengu reaver
 27919 | D:15     | Found a transporter.
 28822 | Orc:2    | Bought a shiny tower shield for 187 gold pieces
 28876 | Orc:2    | Bought a +2 hat for 240 gold pieces
 28955 | Orc:2    | Bought a scroll of fear for 60 gold pieces
 28955 | Orc:2    | Bought a scroll of fear for 60 gold pieces
 28955 | Orc:2    | Bought a scroll of teleportation for 45 gold pieces
 28955 | Orc:2    | Bought a scroll of fog for 60 gold pieces
 29083 | Lair:3   | Killed Snorg
 29203 | Lair:3   | Killed Rupert
 29204 | Lair:3   | Reached skill level 10 in Shapeshifting
 29344 | Swamp:1  | Entered Level 1 of the Swamp
 29395 | Swamp:1  | Noticed Nikola
 29426 | Swamp:1  | Killed Nikola
 29427 | Swamp:1  | Reached XP level 16. HP: 48/129 MP: 12/31
 29650 | Swamp:1  | Reached skill level 11 in Dodging
 29826 | Swamp:1  | Noticed Jorgrun
 30232 | Swamp:1  | Killed Jorgrun
 30367 | Swamp:1  | Got Vos Ypom's Directory of Reanimation Made Easy
 30946 | Swamp:2  | Noticed a fenstrider witch
 31606 | Swamp:2  | Paralysed by a fenstrider witch for 3 turns
 31609 | Swamp:2  | Killed a fenstrider witch
 31725 | Swamp:2  | Noticed a fenstrider witch
 31795 | Swamp:2  | Killed a fenstrider witch
 31858 | Swamp:2  | Noticed a fenstrider witch
 31865 | Swamp:2  | Killed a fenstrider witch
 33008 | Swamp:3  | Noticed Mlioglotl
 33031 | Swamp:4  | Entered Level 4 of the Swamp
 33031 | Swamp:4  | Found a runed translucent gate.
 33031 | Swamp:4  | Found a runed translucent gate.
 33037 | Swamp:4  | Found a runed translucent gate.
 33038 | Swamp:4  | Noticed hikkokomori's ghost (adept FoWn)
 33429 | Swamp:3  | Killed Mlioglotl
 33449 | Swamp:3  | Reached XP level 17. HP: 65/137 MP: 14/33
 34208 | Swamp:4  | Reached skill level 10 in Conjurations
 34208 | Swamp:4  | Reached skill level 10 in Hexes
 34208 | Swamp:4  | Reached skill level 10 in Summonings
 34208 | Swamp:4  | Reached skill level 10 in Necromancy
 34208 | Swamp:4  | Reached skill level 10 in Translocations
 34208 | Swamp:4  | Reached skill level 10 in Ice Magic
 34208 | Swamp:4  | Reached skill level 10 in Air Magic
 34208 | Swamp:4  | Reached skill level 10 in Earth Magic
 34208 | Swamp:4  | Reached skill level 10 in Alchemy
 34546 | Swamp:4  | Reached skill level 12 in Dodging
 34974 | Swamp:4  | Got a decaying rune of Zot
 35038 | Swamp:3  | HP: 6/132 [poisoned by hikkokomori's ghost (toxic
                  | radiance)]
 35482 | Snake:1  | Entered Level 1 of the Snake Pit
 35685 | Snake:1  | Found a glacial archway.
 35774 | IceCv    | Entered an ice cave
 36556 | IceCv    | Noticed a golden dragon
 36607 | IceCv    | Killed a golden dragon
 36915 | IceCv    | Identified the ring of Gowk {rF++ Will+ Int+3 Stlth-}
 36924 | IceCv    | Identified the ring of Hasiweng {rF++ Str+6 Slay-2 SInv
                  | Stlth+}
 37369 | IceCv    | Identified the staff of the Cup {Fire Earth}
 38199 | Snake:2  | Reached XP level 18. HP: 43/146 MP: 10/34
 38579 | Snake:2  | Noticed Louise
 38584 | Snake:2  | Identified the serpent talisman "Wun Rerre" {rC++ Dex-4
                  | Stlth+}
 38584 | Snake:2  | Noticed Aizul
 38817 | Snake:1  | Killed Aizul
 39058 | Abyss:2  | Cast into level 2 of the Abyss (Louise)
 39253 | Abyss:2  | Noticed a pearl dragon
 39568 | Snake:1  | Escaped the Abyss
 39578 | Snake:1  | Killed Louise
 40700 | Snake:2  | Noticed Donald
 40712 | Snake:2  | Killed Donald
 41556 | Snake:3  | Reached skill level 13 in Dodging
 42855 | Snake:4  | Entered Level 4 of the Snake Pit
 43758 | Snake:4  | Reached XP level 19. HP: 74/153 MP: 25/36
 44084 | Snake:4  | Found a glowing silver altar of Zin.
 46629 | Snake:4  | Got a serpentine rune of Zot
 46910 | Vaults:1 | Entered Level 1 of the Vaults
 46970 | Vaults:1 | Noticed Asterion
 46986 | Vaults:1 | Killed Asterion
 48004 | Vaults:1 | Reached skill level 15 in Fighting
 48004 | Vaults:1 | Reached skill level 15 in Maces & Flails
 49570 | Vaults:2 | Identified the +6 long sword of Uraler {elec, Int+6}
 49919 | Vaults:2 | Reached skill level 15 in Invocations
 50391 | Vaults:2 | Reached XP level 20. HP: 143/162 MP: 32/38
 50566 | Vaults:2 | Identified the +6 dagger of World Downfall {pain, rElec
                  | SInv}
 50926 | Vaults:1 | Reached skill level 14 in Dodging
 52730 | Vaults:3 | Learned a level 3 spell: Swiftness
 52734 | Vaults:3 | Learned a level 3 spell: Fugue of the Fallen
 53858 | Vaults:3 | Identified the +2 pair of gloves "Jasis" {Fly rF+ rCorr}
 53954 | Vaults:3 | Identified a scroll of acquirement
 54031 | Vaults:3 | Acquired the ring of the Hare {EV+10}
 54031 | Vaults:3 | Found the ring of the Hare {EV+10}
 54707 | Vaults:3 | Reached XP level 21. HP: 110/170 MP: 27/39
 55560 | Vaults:3 | Found a staircase to the Crypt.
 55560 | Vaults:3 | Found a basalt altar of Yredelemnul.
 55561 | Vaults:3 | Found an ancient bone altar of Kikubaaqudgha.
 55652 | Vaults:3 | Found Dalyrex's Antique Weapon Boutique.
 55675 | Vaults:3 | Reached skill level 15 in Spellcasting
 56748 | Vaults:4 | Found Ylyeppe's Antique Weapon Emporium.
 56976 | Vaults:5 | Entered Level 5 of the Vaults
 56994 | Vaults:4 | Reached skill level 15 in Short Blades
 56994 | Vaults:4 | Reached skill level 15 in Long Blades
 56994 | Vaults:4 | Reached skill level 15 in Axes
 56994 | Vaults:4 | Reached skill level 15 in Polearms
 56994 | Vaults:4 | Reached skill level 15 in Staves
 56994 | Vaults:4 | Reached skill level 15 in Ranged Weapons
 56994 | Vaults:4 | Reached skill level 15 in Throwing
 56994 | Vaults:4 | Reached skill level 15 in Armour
 56994 | Vaults:4 | Reached skill level 15 in Dodging
 56994 | Vaults:4 | Reached skill level 15 in Stealth
 56994 | Vaults:4 | Reached skill level 15 in Shields
 56994 | Vaults:4 | Reached skill level 15 in Unarmed Combat
 56994 | Vaults:4 | Reached skill level 15 in Evocations
 57860 | Vaults:5 | Noticed Boris
 57861 | Vaults:5 | Paralysed by a sphinx for 5 turns
 58302 | Elf:1    | Entered Level 1 of the Elven Halls
 58438 | Elf:1    | Found Gizalul's Magic Scroll Boutique.
 58452 | Elf:1    | Bought a scroll of fear for 44 gold pieces
 58452 | Elf:1    | Bought a scroll of fear for 44 gold pieces
 58452 | Elf:1    | Bought a scroll of teleportation for 33 gold pieces
 58452 | Elf:1    | Bought a scroll of blinking for 82 gold pieces
 58452 | Elf:1    | Bought a scroll of revelation for 82 gold pieces
 58529 | Elf:1    | Found Ficzaxy's Jewellery Boutique.
 58536 | Elf:1    | Paralysed by an air elemental for 1 turns
 58548 | Elf:1    | Found Seas Aju's Book Boutique.
 58549 | Elf:1    | Paralysed by an air elemental for 1 turns
 58554 | Elf:1    | Paralysed by an air elemental for 1 turns
 58558 | Elf:1    | Found Jemov's Antique Armour Shoppe.
 58592 | Elf:1    | Bought a manual of Dodging for 880 gold pieces
 59028 | Elf:1    | Reached XP level 22. HP: 179/179 MP: 41/41
 59200 | Elf:2    | Found a large runed translucent door.
 59200 | Elf:2    | Found a large runed translucent door.
 59228 | Elf:2    | Found a large runed translucent door.
 59228 | Elf:2    | Found a large runed translucent door.
 59418 | Elf:2    | Paralysed by an air elemental for 1 turns
 59508 | Elf:2    | Found a portal to a secret trove of treasure.
 61341 | Elf:3    | Entered Level 3 of the Elven Halls
 61347 | Elf:3    | Found a huge runed translucent gate.
 61347 | Elf:3    | Found a huge runed translucent gate.
 61347 | Elf:3    | Found a huge runed translucent gate.
 61347 | Elf:3    | Found a huge runed translucent gate.
 61347 | Elf:3    | Found a huge runed translucent gate.
 61347 | Elf:3    | Found a huge runed translucent gate.
 61347 | Elf:3    | Found a huge runed translucent gate.
 61348 | Elf:3    | Found a huge runed translucent gate.
 61348 | Elf:3    | Found a huge runed translucent gate.
 61349 | Elf:3    | Found a huge runed translucent gate.
 61350 | Elf:3    | Found a huge runed translucent gate.
 61351 | Elf:3    | Found a huge runed translucent gate.
 61352 | Elf:3    | Found a huge runed translucent gate.
 61353 | Elf:3    | Found a huge runed translucent gate.
 61354 | Elf:3    | Found a huge runed translucent gate.
 61355 | Elf:3    | Found a huge runed translucent gate.
 61357 | Elf:3    | Found a huge runed translucent gate.
 61357 | Elf:3    | Found a huge runed translucent gate.
 61371 | Elf:3    | Found a huge runed translucent gate.
 61372 | Elf:3    | Found a huge runed translucent gate.
 61373 | Elf:3    | Found a huge runed translucent gate.
 61374 | Elf:3    | Found a huge runed translucent gate.
 61375 | Elf:3    | Found a huge runed translucent gate.
 61376 | Elf:3    | Found a huge runed translucent gate.
 61377 | Elf:3    | Found a huge runed translucent gate.
 61378 | Elf:3    | Found a huge runed translucent gate.
 61378 | Elf:3    | Found a huge runed translucent gate.
 61383 | Elf:3    | Found a huge runed translucent gate.
 61384 | Elf:3    | Found a huge runed translucent gate.
 61384 | Elf:3    | Found a huge runed translucent gate.
 61384 | Elf:3    | Found a huge runed translucent gate.
 61384 | Elf:3    | Found a huge runed translucent gate.
 61386 | Elf:3    | Found a huge runed translucent gate.
 61387 | Elf:3    | Found a huge runed translucent gate.
 61388 | Elf:3    | Found a huge runed translucent gate.
 61388 | Elf:3    | Found a huge runed translucent gate.
 61779 | Elf:3    | Identified the +1 pair of boots of the Rose {Will+ Dex-3
                  | Slay+6 Stlth+}
 62137 | Elf:3    | Found Wedoupun's Tremendous Tomes.
 62300 | Elf:3    | Reached skill level 16 in Dodging
 62737 | Elf:3    | Identified the +7 great sword of the Mosquito {freeze,
                  | rElec rF+ rC+}
 62793 | Elf:3    | Identified the +1 robe "Cuzimo" {rF+ rN+ Dex+2}
 62822 | Elf:3    | Identified the ring "Naong" {MP+9 Str+2 Int+6}
 62845 | Elf:3    | Identified the +4 halberd of Imyadocs {drain, *Noise rPois
                  | Int+7 Dex+3}
 63208 | Elf:3    | Identified the ring "Usyfob" {rC+ rCorr Str+4}
 63802 | Abyss:3  | Cast into level 3 of the Abyss (a deep elf sorcerer)
 63862 | Elf:3    | Escaped the Abyss
 64311 | Elf:3    | Reached XP level 23. HP: 167/187 MP: 40/43
 64336 | Elf:3    | Identified the +0 chain mail "Arakou" {rN+}
 64337 | Elf:3    | Identified the +1 dire flail of True Grit {vamp, rN+ Str+4
                  | Stlth+}
 64536 | Depths:1 | Entered Level 1 of the Depths
 64581 | Depths:1 | Found a gateway to Hell.
 64723 | Depths:1 | Found Zacuypuhu's Antique Weapon Emporium.
 64728 | Depths:1 | Found Gatwov's Armour Emporium.
 64840 | Depths:1 | Found a stormy altar of Qazlal.
 64939 | Depths:1 | Found Geucut's Armour Boutique.
 64943 | Depths:1 | Bought a +2 helmet for 346 gold pieces
 65341 | Depths:1 | Found a one-way gate to the infinite horrors of the Abyss.
 65435 | Depths:1 | Reached skill level 17 in Dodging
 65741 | Depths:2 | Noticed a juggernaut
 65804 | Depths:2 | Killed a juggernaut
 65808 | Depths:2 | Reached skill level 15 in Shapeshifting
 65972 | Depths:2 | Got the Precepts of Glamour and Arcane Combat
 66170 | Depths:2 | Found Situdghomosch's Antique Weapon Shoppe.
 66750 | Depths:2 | Found a basalt altar of Yredelemnul.
 66957 | Depths:2 | Found a one-way gate leading to the halls of Pandemonium.
 67180 | Depths:3 | Reached skill level 15 in Fire Magic
 67540 | Depths:3 | Noticed a royal mummy
 67551 | Depths:3 | Killed a royal mummy
 67772 | Depths:3 | Noticed a royal mummy
 67772 | Depths:3 | Noticed a royal mummy
 67794 | Depths:3 | Killed a royal mummy
 68018 | Depths:3 | Killed a royal mummy
 68248 | Depths:3 | Found the +7 sceptre of Torment {pain, torment}
 68400 | Depths:3 | Reached XP level 24. HP: 58/195 MP: 20/43
 68781 | Depths:3 | Found Qatta's Distillery.
 68794 | Depths:3 | Bought a potion of might for 60 gold pieces
 68794 | Depths:3 | Bought a potion of resistance for 150 gold pieces
 68794 | Depths:3 | Bought a potion of might for 60 gold pieces
 68805 | Depths:3 | Identified the +6 hand axe "Cedyafa" {protect, rC+ Dex+2}
 68806 | Depths:3 | Found a one-way gateway to a ziggurat.
 68914 | Depths:4 | Entered Level 4 of the Depths
 68961 | Depths:4 | Paralysed by a sphinx for 5 turns
 69157 | Depths:4 | Reached skill level 18 in Dodging
 69815 | Depths:4 | Found Otabes's Book Emporium.
 69815 | Depths:4 | Found Fuxek's Jewellery Boutique.
 69816 | Depths:4 | Found Rainibad's Jewellery Boutique.
 69822 | Depths:4 | Bought the ring of Licelom {Will+ rCorr AC+4 Int-5} for 611
                  | gold pieces
 70192 | Depths:4 | Found a gate to the Realm of Zot.
 70303 | Hell     | Entered the Vestibule of Hell
 70303 | Hell     | Noticed Geryon
 70441 | Hell     | Killed Geryon
 72219 | Hell     | Found a gateway to the ashen valley of Gehenna.
 72326 | Hell     | Found a gateway to the decaying netherworld of Tartarus.
 72427 | Hell     | Found a gateway to the freezing wastes of Cocytus.
 72535 | Hell     | Found a gateway to the Iron City of Dis.
 72900 | Slime:1  | Entered Level 1 of the Pits of Slime
 73320 | Slime:1  | Gained mutation: You are dopey. (Int -2) [a shining eye]
 73396 | Slime:1  | Gained mutation: Your magical capacity is low. (-10% MP) [a
                  | shining eye]
 73399 | Slime:1  | Gained mutation: Your body sometimes deteriorates upon
                  | taking damage. [a shining eye]
 73758 | Slime:4  | Gained mutation: You are weak. (Str -2) [a shining eye]
 73761 | Slime:4  | Gained mutation: Your body often deteriorates upon taking
                  | damage. [a shining eye]
 73766 | Slime:4  | Lost mutation: Your body often deteriorates upon taking
                  | damage. [potion of mutation]
 73766 | Slime:4  | Lost mutation: You are weak. (Str -2) [potion of mutation]
 73766 | Slime:4  | Gained mutation: You do not regenerate when monsters are
                  | visible. [potion of mutation]
 73766 | Slime:4  | Gained mutation: You are weak. (Str -2) [potion of
                  | mutation]
 73767 | Slime:4  | Lost mutation: Your magical capacity is low. (-10% MP)
                  | [potion of mutation]
 73767 | Slime:4  | Lost mutation: You do not regenerate when monsters are
                  | visible. [potion of mutation]
 73767 | Slime:4  | Gained mutation: You have a somewhat thin skeletal
                  | structure. (Dex +2, Stealth+) [potion of mutation]
 73767 | Slime:4  | Gained mutation: Your flesh is cold resistant. (rC+)
                  | [potion of mutation]
 73853 | Slime:4  | Reached skill level 19 in Dodging
 73927 | Slime:4  | Reached XP level 25. HP: 171/204 MP: 39/44
 73989 | Slime:4  | Gained mutation: You are clumsy. (Dex -2) [a shining eye]
 75207 | Slime:5  | Entered Level 5 of the Pits of Slime
 75423 | Slime:5  | Gained mutation: Your spells are a little easier to cast,
                  | but a little less powerful. [a shining eye]
 75907 | Slime:5  | Noticed the Royal Jelly
 75921 | Slime:5  | Killed the Royal Jelly
 75956 | Slime:5  | Found the +6 arbalest "Damnation" {damnation}
 75957 | Slime:5  | Found the +9 scales of the Dragon King {rPois rF+ rC+
                  | Will+}
 75959 | Slime:5  | Identified the ring of Eternal Harmony {Fire rCorr Str-2
                  | Slay+5 Stlth+}
 76000 | Slime:5  | Identified the +4 war axe of the Manifold Quests
                  | {antimagic, rN++}
 76031 | Slime:5  | Got a slimy rune of Zot
 76054 | Slime:5  | Identified the ring of Relativism {rPois rC+ rCorr}
 76192 | Slime:5  | Identified the +7 plate armour of a Billion Wonders {+Inv
                  | rElec}
 76194 | Slime:5  | Identified the +3 leather armour of the Will of the Gods
                  | {Regen+ Str+3 Dex-5}
 77008 | Depths:3 | Bought a potion of mutation for 120 gold pieces
 77008 | Depths:3 | Bought a potion of mutation for 120 gold pieces
 77008 | Depths:3 | Lost mutation: You are weak. (Str -2) [potion of mutation]
 77008 | Depths:3 | Lost mutation: You have a somewhat thin skeletal structure.
                  | (Dex +2, Stealth+) [potion of mutation]
 77008 | Depths:3 | Lost mutation: Your flesh is cold resistant. (rC+) [potion
                  | of mutation]
 77009 | Depths:3 | Lost mutation: Your body sometimes deteriorates upon taking
                  | damage. [potion of mutation]
 77009 | Depths:3 | Lost mutation: You are dopey. (Int -2) [potion of mutation]
 77009 | Depths:3 | Lost mutation: Your spells are a little easier to cast, but
                  | a little less powerful. [potion of mutation]
 77009 | Depths:3 | Gained mutation: You have large cloven feet. [potion of
                  | mutation]
 77009 | Depths:3 | Gained mutation: You have a pair of small horns on your
                  | head. [potion of mutation]
 77333 | Zot:1    | Entered Level 1 of the Realm of Zot
 77375 | Zot:1    | Reached skill level 15 in Conjurations
 77375 | Zot:1    | Reached skill level 15 in Hexes
 77375 | Zot:1    | Reached skill level 15 in Summonings
 77375 | Zot:1    | Reached skill level 15 in Necromancy
 77375 | Zot:1    | Reached skill level 15 in Translocations
 77375 | Zot:1    | Reached skill level 15 in Ice Magic
 77375 | Zot:1    | Reached skill level 15 in Air Magic
 77375 | Zot:1    | Reached skill level 15 in Earth Magic
 77375 | Zot:1    | Reached skill level 15 in Alchemy
 77525 | Zot:2    | Noticed Grunn
 77566 | Zot:2    | Killed Grunn
 78127 | Zot:5    | Entered Level 5 of the Realm of Zot
 78799 | Zot:5    | Reached skill level 20 in Dodging
 78901 | Zot:5    | Noticed an orb of fire
 78902 | Zot:5    | Noticed an ancient lich
 78903 | Zot:5    | Noticed a dread lich
 78903 | Zot:5    | Noticed a Killer Klown
 78910 | Zot:5    | Killed a Killer Klown
 78912 | Zot:5    | Noticed an orb of fire
 78917 | Zot:5    | Noticed an orb of fire
 78918 | Zot:5    | Gained mutation: You are weak. (Str -2) [an orb of fire]
 78918 | Zot:5    | Killed an orb of fire
 78919 | Zot:5    | Gained mutation: You are very clumsy. (Dex -4) [an orb of
                  | fire]
 78924 | Zot:5    | Gained mutation: You occasionally lose the ability to drink
                  | potions when taking damage. [an orb of fire]
 78932 | Zot:5    | Gained mutation: You are dopey. (Int -2) [an orb of fire]
 78935 | Zot:5    | Killed an orb of fire
 78944 | Zot:5    | Killed an orb of fire
 78971 | Zot:5    | Noticed a Killer Klown
 78989 | Zot:5    | Killed an orb of fire
 79047 | Zot:5    | Killed a Killer Klown
 79160 | Zot:5    | Noticed an orb of fire
 79169 | Zot:5    | Gained mutation: Potions are less effective at restoring
                  | your health. [an orb of fire]
 79180 | Zot:5    | Gained mutation: You have hidden genetic defects. [an orb
                  | of fire]
 79185 | Zot:5    | Killed an orb of fire
 79186 | Zot:5    | Reached XP level 26. HP: 213/213 MP: 37/45
 79205 | Zot:5    | Lost mutation: You have hidden genetic defects. [potion of
                  | mutation]
 79205 | Zot:5    | Lost mutation: Potions are less effective at restoring your
                  | health. [potion of mutation]
 79205 | Zot:5    | Gained mutation: Your health recovers twice as slowly from
                  | being drained. [potion of mutation]
 79205 | Zot:5    | Gained mutation: You have a somewhat thin skeletal
                  | structure. (Dex +2, Stealth+) [potion of mutation]
 79205 | Zot:5    | Lost mutation: You have a pair of small horns on your head.
                  | [potion of mutation]
 79333 | Zot:5    | Noticed an orb of fire
 79336 | Zot:5    | Gained mutation: Your body sometimes deteriorates upon
                  | taking damage. [an orb of fire]
 79338 | Zot:5    | Gained mutation: You are very weak. (Str -4) [an orb of
                  | fire]
 79354 | Zot:5    | Killed an orb of fire
 79470 | Zot:5    | Noticed an orb of fire
 79483 | Zot:5    | Gained mutation: You are vulnerable to cold. (rC-) [an orb
                  | of fire]
 79508 | Zot:5    | Gained mutation: Your body often deteriorates upon taking
                  | damage. [an orb of fire]
 79512 | Zot:5    | Gained mutation: You are frail. (-10% HP) [an orb of fire]
 79514 | Zot:5    | Killed an orb of fire
 79924 | Zot:5    | Got the Orb of Zot
 80717 | D:2      | Noticed Voenaasa the pandemonium lord
 80810 | D:$      | Escaped with the Orb!

Illustrated notes

Levels and vault maps discovered:
D:1:      ncdulo_lavacross, layout_basic, serial_curves, eino_curves_04,
          eino_curves_02, minmay_misc_feat_four_crosses,
          nicolae_twisty_statue_hallways
D:2:      layout_basic, serial_shops, shop, nicolae_diamond_shop,
          nicolae_shop_tiny_glass, nicolae_hexahallways, minmay_surrounded,
          uniq_jessica
D:3:      minmay_chambers_of_threes, layout_loops_ring, slow_altar_2
D:4:      layout_basic, mainiacjoe_overflow_catch_the_wave, gup_sewer_entry_pipe
D:5:      layout_rooms, mainiacjoe_overflow_24_doors, minmay_temple_entry_glass,
          nicolae_take_the_stairs, uniq_grinder, uniq_sigmund
D:6:      layout_basic, minmay_misc_feat_doors
D:7:      layout_cave_pools, nicolae_dithmenos_shadow_blocks, tgw_kikubaaqudgha
D:8:      layout_gridville, minmay_misc_feat_rugged, grunt_ministairs_14,
          nicolae_shop_dragon_depot, minivault_25
D:9:      layout_loops_cross, nicolae_ru_path_of_blood, kennysheep_another_room,
          dreamdust_princess_corridor, dilly_guarded_unrand_throatcut
D:10:     layout_roguey, nicolae_sif_muna_little_library,
          due_lair_maze_entry_diamond, hiddenorc2_lemuel
D:11:     layout_cave_pools
D:12:     layout_cross, serial_shops, shop, uniq_frances
D:13:     layout_rooms, hellmonk_vaults_keyhole, serial_shops, shop,
          uniq_erolcha
D:14:     layout_layer_cave
D:15:     hellmonk_depths_entry_around_the_bend, layout_loops_ring,
          gammafunk_ghost_arena, lemuel_flame_loot_1
Temple:   minmay_temple_curvy_branch
Lair:1:   layout_roguey, chequers_serial_rivers_room_a
Lair:2:   layout_gridlike, swamp_mist
Lair:3:   layout_chaotic_city, minmay_snake_entry_guardpost_medium, st_stairs_4,
          uniq_snorg, uniq_rupert
Lair:4:   lemuel_slime, layout_gridlike, nzn_random_ring,
          infiniplex_staircase_pool_2
Lair:5:   due_jungle_book, layout_misc_corridors, dpeg_slime_entry_corner,
          serial_bayou_lake_a
Swamp:1:  layout_falls_marsh, evilmike_swamp_ruin_house_2, swamp_pool_4,
          nicolae_swamp_necromancy_gone_wrong, uniq_jorgrun, uniq_nikola
Swamp:2:  layout_basic_swamp, evilmike_swamp_ruin_house_6,
          nicolae_swamp_spriggan_camp
Swamp:3:  layout_basic_swamp, evilmike_swamp_ruin_house_4, swamp_pool_5,
          uniq_mlioglotl
Swamp:4:  swamp_alternative, layout_basic_swamp, ebering_ghost_rock_garden,
          nicolae_swamp_very_dense_foliage, nicolae_swamp_tree_isthmus
Snake:1:  layout_rooms, serial_curves, eino_curves_02, eino_curves_04,
          eino_curves_04, eino_curves_03, portal_ice_cave_entry_dragon
Snake:2:  layout_rooms, grunt_ministairs_2, uniq_louise, uniq_aizul, uniq_donald
Snake:3:  layout_layer_cave, nicolae_snake_guarding_the_ruins,
          grunt_megastairs_1
Snake:4:  johnstein_snake_rune_scales, layout_cave_town, basic_altar
Slime:1:  layout_caves
Slime:2:  layout_caves
Slime:3:  layout_caves
Slime:4:  layout_caves
Slime:5:  slime_pit_nicolae_royal_road_to_ruin
Orc:1:    layout_caves
Orc:2:    grunt_orc_community_town_hall, layout_diamond_mine,
          grunt_orc_community_big_house_1, grunt_orc_community_big_house_2,
          grunt_orc_community_house_1, grunt_orc_community_house_2,
          grunt_orc_community_house_3, grunt_orc_community_house_3,
          serial_shops, nicolae_shop_advertising_works
          [nicolae_subvault_shop_adworks], special_room
Elf:1:    layout_rooms, serial_shops, shop, shop, nicolae_shop_statue_plus,
          nicolae_shop_tiny_waterfront, hangedman_elf_disciples,
          grunt_ministairs_5
Elf:2:    elven_hall_of_blades_hangedman_alternative
          [nicolae_blade_entry_splitting_headache], layout_geoelf_diagonals,
          nicolae_trove_entry_crystal
Elf:3:    minmay_elf_hall_x, layout_loops_corners,
          nicolae_shop_i_like_big_books, door_vault
Vaults:1: v_alt_pattern_4, v_rooms_6, v_misc_8, vaults_room_door_ring,
          hangedman_vaults_cutoff, nicolae_vaults_sealed_display,
          vaults_dpeg_hooks, v_misc_30, layout_vaults_quadrants, uniq_asterion
Vaults:2: v_misc_11, vaults_room_grunt_arrival_ludios, v_misc_24, v_misc_1,
          nicolae_vaults_mitosis, vaults_room_large_hall, v_alt_pattern_6,
          v_misc_28, ontoclasm_vaults_gateway, nicolae_vaults_octagons,
          nicolae_vaults_tetromino_Z_1, nicolae_vaults_theta, layout_vaults_ring
Vaults:3: v_misc_15, nicolae_vaults_alarming, nicolae_vaults_layer_cake_slice,
          nicolae_vaults_little_squares_5, minmay_crypt_entry_necro_gods,
          nicolae_vaults_wine_cellar, nicolae_vaults_double_plus_2, v_misc_27,
          nicolae_vaults_rhombus_5, nicolae_vaults_surprise_closet,
          nicolae_vaults_little_ls, v_misc_13, nicolae_vaults_tetromino_T_1,
          ontoclasm_vaults_shout, nicolae_vaults_surprise_closet, v_pattern_2,
          vaults_room_large_hall, layout_vaults_big_cross, serial_shops,
          nicolae_shop_temple_entry_statues_fountains
Vaults:4: serial_library_hellmonk_open_cross, v_pattern_1, nicolae_vaults_heist,
          nicolae_vaults_network_periphery, hangedman_vaults_trim,
          v_alt_pattern_6, nicolae_vaults_theta, v_misc_19,
          nicolae_vaults_triangles, vaults_room_fancy_cross,
          nicolae_vaults_little_squares_2, nicolae_vaults_specimen_jars,
          v_alt_pattern_3, v_alt_pattern_4, layout_vaults_omnibox, serial_shops,
          nicolae_shop_temple_entry_statues_fountains
Vaults:5: uniq_margery, uniq_boris, uniq_mennas
Depths:1: layout_gridville, hell_entry, minmay_room_of_horrors,
          serial_bayou_pond_b, serial_shops, nicolae_square_shop,
          minmay_misc_feat_five, chequers_serial_rivers_micro_c,
          nicolae_qazlal_eye_of_the_storm, minmay_shop_star
Depths:2: grunt_deathspiral_small, layout_honeycomb, serial_shops, shop,
          grunt_pan_entry_spiral, abyss_entry, hell_entry,
          yredelemnul_altar_generic
Depths:3: minmay_guarded_unrand_sceptre_of_torment, layout_cave_pools,
          enter_ziggurat_f, abyss_entry, serial_shops,
          nicolae_shop_tiny_statue_garden, hangedman_coc_ice_floe
Depths:4: grunt_zot_entry_hairpin, layout_cave_shapes, pf_dread_powers_of_hell,
          nicolae_zig_zag_zippers, minmay_shop_grove
Hell
Zot:1:    layout_concentric_octagons, skrybe_zot_glass_1
Zot:2:    layout_basic, regret_index_zotdec_iron_s, uniq_grunn
Zot:3:    layout_gridlike, st_stairs_2, regret_index_zotdec_onion_hex,
          lemuel_elevator
Zot:4:    layout_twisted_circle, hellmonk_ghost_big_iron,
          regret_index_zotdec_carving_tricks, hangedman_zot_wheel_spokes
Zot:5:    layout_basic

Skill      XL: |  1  2  3  4  5  6  7  8  9 10 11 12 13 14 15 16 17 18 19 20 21 22 23 24 25 26 |
---------------+-------------------------------------------------------------------------------+-----
Invocations    | 1 2 3 4 5 6 7 8 10 11 12 13 14 15 16 17 18 19 | 19.6
Short Blades   | 1 2 3 5 6 7 8 9 10 11 12 13 14 15 16 17 18 | 18.1
Long Blades    | 1 2 3 5 6 7 8 9 10 11 12 13 14 15 16 17 18 | 18.1
Axes           | 1 2 3 5 6 7 8 9 10 11 12 13 14 15 16 17 18 | 18.1
Polearms       | 1 2 3 5 6 7 8 9 10 11 12 13 14 15 16 17 18 | 18.1
Staves         | 1 2 3 5 6 7 8 9 10 11 12 13 14 15 16 17 18 | 18.1
Ranged Weapons | 1 2 3 5 6 7 8 9 10 11 12 13 14 15 16 17 18 | 18.1
Throwing       | 1 2 3 5 6 7 8 9 10 11 12 13 14 15 16 17 18 | 18.1
Armour         | 1 2 3 5 6 7 8 9 10 11 12 13 14 15 16 17 18 | 18.1
Dodging        | 1 2 3 5 6 7 8 9 10 11 12 13 14 15 16 17 19 20 | 20.5
Stealth        | 1 2 3 5 6 7 8 9 10 11 12 13 14 15 16 17 18 | 18.1
Shields        | 1 2 3 5 6 7 8 9 10 11 12 13 14 15 16 17 18 | 18.1
Unarmed Combat | 1 2 3 5 6 7 8 9 10 11 12 13 14 15 16 17 18 | 18.1
Evocations     | 1 2 3 5 6 7 8 9 10 11 12 13 14 15 16 17 18 | 18.1
Shapeshifting  | 1 2 3 4 5 6 7 8 9 10 11 12 13 14 15 16 | 16.7
Spellcasting   | 3 4 5 6 7 8 9 10 11 12 13 14 15 16 17 18 | 18.3
Conjurations   | 1 2 3 4 5 6 7 8 9 10 11 12 13 14 15 | 15.4
Hexes          | 1 2 3 4 5 6 7 8 9 10 11 12 13 14 15 | 15.4
Summonings     | 1 2 3 4 5 6 7 8 9 10 11 12 13 14 15 | 15.4
Necromancy     | 1 2 3 4 5 6 7 8 9 10 11 12 13 14 15 | 15.4
Translocations | 1 2 3 4 5 6 7 8 9 10 11 12 13 14 15 | 15.4
Ice Magic      | 1 2 3 4 5 6 7 8 9 10 11 12 13 14 15 | 15.4
Air Magic      | 1 2 3 4 5 6 7 8 9 10 11 12 13 14 15 | 15.4
Earth Magic    | 1 2 3 4 5 6 7 8 9 10 11 12 13 14 15 | 15.4
Alchemy        | 1 2 3 4 5 6 7 8 9 10 11 12 13 14 15 | 15.4
Fighting       | 7 8 9 10 11 12 13 14 15 16 17 18 19 | 19.1
Maces & Flails | 7 8 9 10 11 12 13 14 15 16 17 18 19 | 19.1
Fire Magic     | 6 7 8 9 10 11 12 13 14 15 16 | 16.2

Action                     |  1- 3 |  4- 6 |  7- 9 | 10-12 | 13-15 | 16-18 | 19-21 | 22-24 | 25-27 || total
---------------------------+-------+-------+-------+-------+-------+-------+-------+-------+-------++-------
  Melee: Mace              |    93 |   237 |   128 |       |       |       |       |       |       ||   458
         Bite              |     8 |    22 |    50 |    75 |   234 |   232 |   356 |   327 |   117 ||  1421
         Punch             |       |     4 |     7 |       |       |       |       |       |       ||    11
         Flail             |       |       |   322 |       |       |       |       |       |       ||   322
         Halberd           |       |       |    12 |       |       |       |       |       |       ||    12
         Trident           |       |       |    38 |       |       |       |       |       |       ||    38
         War axe           |       |       |    29 |   214 |       |       |       |       |       ||   243
         Morningstar       |       |       |       |   426 |   780 |    70 |       |       |       ||  1276
         Broad axe         |       |       |       |       |   879 |  1695 |  2085 |  1351 |       ||  6010
         Eveningstar       |       |       |       |       |       |       |       |   640 |   703 ||  1343
         Headbutt          |       |       |       |       |       |       |       |       |    91 ||    91
  Throw: Dart              |       |     1 |    21 |    16 |    29 |     5 |       |       |       ||    72
   Cast: Fugue of the Fall |       |       |       |       |       |       |    15 |    20 |       ||    35
 Invoke: Foxfire Swarm     |       |       |     1 |       |     1 |       |       |       |       ||     2
         Rising Flame      |       |       |       |       |     1 |       |       |       |       ||     1
         Potion Petition   |       |       |       |       |     1 |     5 |     3 |     1 |       ||    10
         Bribe Branch      |       |       |       |       |       |       |       |       |     1 ||     1
  Evoke: Wand              |       |       |       |     6 |     7 |    26 |     7 |     6 |     4 ||    56
         Phantom mirror    |       |       |       |       |     1 |     1 |       |       |       ||     2
    Use: Scroll            |       |     3 |     2 |    11 |    13 |    15 |     9 |     5 |    12 ||    70
         Potion            |       |       |       |     2 |    11 |    17 |     6 |     3 |    15 ||    54
   Stab: Invisible         |       |     1 |     1 |       |       |     4 |       |       |       ||     6
         Sleeping          |       |       |     4 |     3 |    10 |       |       |       |       ||    17
         Distracted        |       |       |       |       |     3 |    10 |    12 |    12 |     4 ||    41
 Armour: Leather armour    |    60 |    16 |       |       |       |       |       |       |       ||    76
         Robe              |     1 |       |       |       |       |       |       |       |       ||     1
         Ring mail         |       |   142 |   428 |   478 |   750 |       |       |       |       ||  1798
         Plate armour      |       |       |       |       |   225 |       |       |       |       ||   225
         Gold dragon scale |       |       |       |       |   454 |  1823 |  1698 |  1309 |   608 ||  5892
         Skin              |       |       |       |       |       |    11 |       |       |       ||    11
  Dodge: Dodged            |    60 |   130 |   324 |   325 |   585 |   415 |   656 |   845 |   321 ||  3661
  Block: Kite shield       |       |       |   118 |   347 |   841 |       |       |       |       ||  1306
         Tower shield      |       |       |       |       |    50 |  2120 |  2489 |  1937 |   702 ||  7298
